 Dungeon Crawl Stone Soup version 0.31-a0-1093-gadecf4124d (webtiles) character file.

Game seed: 6950443140385291846

67 Ivernyr the Shield-Bearer (level 4, -3/37 HPs)
             Began as a Formicid Fighter on Nov 29, 2023.
             Slain by a hobgoblin (5 damage)
             ... led by Robin
             ... on level 2 of the Dungeon.
             The game lasted 00:03:48 (1255 turns).

Ivernyr the Shield-Bearer (Formicid Fighter)        Turns: 1255, Time: 00:03:49

Health: -3/37      AC:  8    Str: 22    XL:     4   Next: 40%
Magic:  4/4        EV:  9    Int:  8    God:
Gold:   80         SH:  5    Dex: 13    Spells: 3/3 levels left

rFire   . . .        a - +0 quarterstaff
rCold   . . .        c - +0 buckler
rNeg    . . .        b - +0 scale mail
rPois   .            (helmet unavailable)
rElec   .            (no cloak)
rCorr   +            j - +0 pair of gloves
SInv    +            (no boots)
Will    .....        (no amulet) Stlth
                     q - ring of resist corrosion
HPRegen 0.26/turn    (no ring)
MPRegen 0.09/turn

%: no passive effects
@: no status effects
A: permanent stasis, dig shafts and tunnels, antennae 3, four strong arms
a: Dig, Shaft Self


You were on level 2 of the Dungeon.
You visited 1 branch of the dungeon, and saw 3 of its levels.

You collected 80 gold pieces.

Inventory:

Hand Weapons
 a - a +0 quarterstaff (weapon)
Armour
 b - a +0 scale mail (worn)
 c - a +0 buckler (worn)
 j - a +0 pair of gloves (worn)
Jewellery
 q - a ring of resist corrosion (left hand)
Scrolls
 e - 4 scrolls of identify {unknown}
 i - a scroll of immolation {unknown}
 k - a scroll of fog {unknown}
 l - 2 scrolls of revelation {unknown}
 n - a scroll of enchant armour {unknown}
 o - a scroll of poison {unknown}
 p - a scroll of brand weapon {unknown}
Potions
 d - 2 potions of might
 f - a potion of haste {unknown}
 g - a potion of enlightenment {unknown}
 h - a potion of degeneration {unknown}
 m - a potion of brilliance {unknown}


   Skills:
 + Level 3.7 Fighting
 * Level 3.1 Staves
 + Level 3.8 Armour
 + Level 4.5 Shields


You had 3 spell levels left.
You didn't know any spells.
Your spell library contained the following spells:

 Spells                   Type           Power      Damage    Failure   Level
 Foxfire                  Conj/Fire      0%         2x1d4     80%         1
 Lesser Beckoning         Tloc           0%         N/A       90%         2
 Gell's Gravitas          Tloc           0%         N/A       99%         3
 Teleport Other           Tloc           0%         N/A       99%         3
 Plasma Beam              Fire/Air       0%         2x1d10    100%        6
 Starburst                Conj/Fire      0%         6d3       100%        6


Dungeon Overview and Level Annotations

Branches:
Dungeon (3/15)

Altars:

Annotations:
D:2 Robin


Innate Abilities, Weirdness & Mutations

You cannot be hasted, slowed, berserked, paralysed or teleported.
You can dig through walls and to a lower floor.
You have a pair of large antennae on your head. (SInv)
Your four strong arms can wield two-handed weapons with a shield.


Message History

The goblin no longer looks unusually strong.
Robin roars a battlecry!
The goblins go into a battle-frenzy!
The goblin hits you with a +0 club.
The hobgoblin hits you but does no damage.
The goblin misses you. The goblin barely misses you.
You hit the goblin but do no damage. The goblin misses you.
The hobgoblin hits you. The goblin barely misses you.
The goblin closely misses you.
You closely miss the goblin.
Robin roars a battlecry!
The goblin hits you but does no damage. The goblin barely misses you.
The hobgoblin barely misses you. The goblin hits you with a +0 club.
You block the goblin's attack. The goblin closely misses you.
The goblin hits you but does no damage. The hobgoblin misses you.
You barely miss the goblin.
The goblin no longer looks unusually strong.
The hobgoblin no longer looks unusually strong.
Robin points. "Kill!"
Robin roars a battlecry!
The goblins go into a battle-frenzy!
The goblin hits you with a +0 club.
* * * LOW HITPOINT WARNING * * *
The hobgoblin hits you but does no damage.
The goblin hits you with a +0 club.
* * * LOW HITPOINT WARNING * * *
The goblin closely misses you.
You closely miss the goblin. The goblin hits you but does no damage.
The hobgoblin barely misses you. The goblin hits you but does no damage.
The goblin hits you with a +0 club.
* * * LOW HITPOINT WARNING * * *
You barely miss the goblin.
The goblin no longer looks unusually strong.
Robin says, "Bow before me, strongest of all the hobgoblins!"
The goblin hits you but does no damage. The goblin closely misses you.
The goblin barely misses you.
Unknown command.
You closely miss the goblin. The goblin hits you but does no damage.
The hobgoblin hits you.
You die...

###### {
###g@g.#
#gggg#.#
#g####.#
#.{.>..#
#g.#####
{ #).#
#..#
,#{{#
{,g..#


You could see Robin, 2 hobgoblins and 4 goblins.

Vanquished Creatures
  An adder (D:3)
  A worm (D:2)
  4 dart slugs (D:1)
  6 endoplasms (D:1)
  2 giant cockroaches
  8 goblins
  3 hobgoblins
  3 jackals (D:3)
  A quokka (D:1)
  4 ball pythons
  2 bats
  3 frilled lizards
  4 kobolds
  2 rats
44 creatures vanquished.

Notes
Turn   | Place    | Note
-------+----------+-------------------------------------------
     0 | D:1      | Ivernyr the Formicid Fighter began the quest for the Orb.
     0 | D:1      | Reached XP level 1. HP: 18/18 MP: 1/1
    83 | D:1      | Reached XP level 2. HP: 21/24 MP: 2/2
   234 | D:1      | Reached XP level 3. HP: 29/29 MP: 3/3
   389 | D:1      | Found a faded altar of an unknown god.
   937 | D:3      | Reached XP level 4. HP: 15/37 MP: 4/4
  1233 | D:2      | Noticed Robin
  1253 | D:2      | HP: 1/37 [goblin/+0 club[Robin] (5)]
  1255 | D:2      | Slain by a hobgoblin

Illustrated notes

Levels and vault maps discovered:
D:1:      dpeg_arrival_water_temple_mockup, layout_rooms,
          ebering_ecumenical_altar_rust, st_stairs_2
D:2:      layout_basic, uniq_robin
D:3:      due_chaos_kobolds, layout_rooms, minmay_misc_feat_nine_boxes,
          uniq_crazy_yiuf_cottage

Skill      XL: |  1  2  3  4 |
---------------+-------------+-----
Staves         | 3 |  3.1
Fighting       | |  3.7
Armour         | |  3.8
Shields        | |  4.5

Action                     |  1- 3 |  4- 6 || total
---------------------------+-------+-------++-------
  Melee: Quarterstaff      |    75 |    36 ||   111
 Armour: Scale mail        |    61 |    48 ||   109
  Dodge: Dodged            |    41 |    32 ||    73
  Block: Buckler           |    22 |    14 ||    36

Table legend: (Time is in decaauts)
 A = Elapsed time spent in this place.
 B = Non-inter-level travel time spent in this place.
 C = Inter-level travel time spent in this place.
 D = Time resting spent in this place.
 E = Time spent auto-exploring this place.
 F = Levels seen in this place.
 G = Mean time per level.
                   A        B        C        D        E       F      G
               +--------+--------+--------+--------+--------+-----+--------+
         Total |   1275 |   1175 |    100 |     79 |    715 |   3 |  425.0 |
       Dungeon |   1275 |   1175 |    100 |     79 |    715 |   3 |  425.0 |
               +--------+--------+--------+--------+--------+-----+--------+

Top non-repeatable levels by time:
     D:1: 575 daAuts
     D:2: 390 daAuts
     D:3: 309 daAuts
